 Dungeon Crawl Stone Soup version 0.24-a0-254-gf493760 (webtiles) character file.

Game seed: 930743851371928012

1808 mopl the Slicer (level 8, -2/43 HPs)
             Began as a Deep Elf Skald on Apr 18, 2019.
             Slain by a phantom (7 damage)
             ... on level 6 of the Dungeon.
             The game lasted 00:18:44 (5817 turns).

mopl the Slicer (Deep Elf Skald)                    Turns: 5817, Time: 00:18:47

Health: -2/43      AC:  5    Str:  8    XL:     8   Next: 84%
Magic:  13/16      EV: 12    Int: 19    God:
Gold:   226        SH:  0    Dex: 16    Spells: 4/15 levels left

rFire    . . .     SeeInvis .   a - +2 rapier (drain)
rCold    . . .     Gourm    .   (no shield)
rNeg     . . .     Faith    .   w - +0 leather armour
rPois    .         Spirit   .   o - +0 helmet (curse)
rElec    .         Reflect  .   (no cloak)
rCorr    .         Harm     .   (no gloves)
MR       +....                  p - +0 pair of boots
Stlth    ++++......             e - amulet of regeneration
HPRegen  0.54/turn              r - ring of protection from magic
MPRegen  0.15/turn              q - ring of stealth

@: no status effects
A: no striking features
a: no special abilities


You were on level 6 of the Dungeon.
You were not hungry.

You visited 1 branch of the dungeon, and saw 6 of its levels.
You also visited: Sewer.

You collected 226 gold pieces.

Inventory:

Hand Weapons
 a - a +2 rapier of draining (weapon)
 b - a +0 blowgun
 x - a +2 dagger of speed
 I - a +2 scimitar
 J - a cursed +4 long sword
Missiles
 i - 51 poisoned needles
 D - 2 tomahawks (quivered)
 G - 4 silver tomahawks
Armour
 o - a cursed +0 helmet (worn)
 p - a +0 pair of boots (worn)
 w - a +0 leather armour (worn)
Jewellery
 e - an amulet of regeneration (around neck)
 g - an uncursed ring of positive energy
 q - a ring of stealth (right hand)
 r - a ring of protection from magic (left hand)
 C - a +2 amulet of reflection
 F - an uncursed ring of ice
Wands
 u - a wand of digging (6)
Scrolls
 j - a scroll of fear {unknown}
 l - a scroll of magic mapping {unknown}
 m - 4 scrolls of teleportation {unknown}
 s - a scroll of enchant armour {unknown}
 y - 2 scrolls of enchant weapon {unknown}
 B - 2 scrolls of blinking {unknown}
 H - a scroll of remove curse {unknown}
Potions
 c - 5 potions of curing
 f - a potion of resistance
 h - 5 potions of might
 k - 2 potions of flight {unknown}
 n - 2 potions of invisibility
 t - 3 potions of brilliance
 v - 8 potions of heal wounds {unknown}
 z - a potion of agility
 A - a potion of magic
Comestibles
 d - 8 rations


   Skills:
 - Level 1.5 Fighting
 * Level 9.2 Short Blades
 + Level 3.4 Throwing
 - Level 0.7 Armour
 - Level 2.4 Dodging
 + Level 4.6 Stealth
 - Level 4.0 Spellcasting
 - Level 2.0 Hexes
 - Level 5.0 Charms
 - Level 2.1 Necromancy
 - Level 2.6 Translocations


You had 4 spell levels left.
You knew the following spells:

 Your Spells              Type           Power        Failure   Level  Hunger
a - Infusion              Chrm           ###.         2%          1    None
b - Song of Slaying       Chrm           ###.....     3%          2    ##.....
c - Spectral Weapon       Hex/Chrm       ###.....     14%         3    ###....
f - Shroud of Golubria    Chrm/Tloc      ###.......   6%          2    ##.....
r - Regeneration          Chrm/Necr      ###.......   14%         3    ###....

Your spell library contained the following spells:

 Spells                   Type           Power        Failure   Level  Hunger
 Animate Skeleton         Necr           N/A          9%          1    None
 Pain                     Necr           ##..         9%          1    None
 Vampiric Draining        Necr           ##........   24%         3    ###....
 Animate Dead             Necr           N/A          63%         4    ####...


Dungeon Overview and Level Annotations

Branches:
Dungeon (6/15)
 Temple: D:4-7

Altars:
Cheibriados
Hepliaklqana
Makhleb
Ru
Vehumet
Wu Jian
The Shining One


Message History

All of the chunks of flesh in your inventory have rotted away.
You open the door.
There is an open door here.
A phantom comes into view.
A centaur comes into view. It is wielding a staff of wizardry.
Your magical contamination has completely faded away.
The centaur wields a +0 shortbow of freezing.
It is covered in frost.
The centaur shoots an arrow.
The arrow hits you but does no damage.
You see here an arrow.
The centaur shoots an arrow.
The arrow hits you! The arrow freezes you.
You see here an arrow.
The centaur shoots an arrow.
The arrow hits you! The arrow freezes you.
The centaur shoots an arrow.
The arrow hits you! The arrow freezes you.
The centaur shoots an arrow.
The arrow hits you!
* * * LOW HITPOINT WARNING * * *
The arrow freezes you.
* * * LOW HITPOINT WARNING * * *
The phantom hits you!
You die...

##'## ##.##. ##...##
#.### ##.....## ####.# #
####.......## ##.##.###
[...........####...#.##.
..........(.'......†....
#......(..####...#.###
#...W....## ##.....##
#.#..@(.## #.##..##
##...## #.#...## ##'##
#.#.#.## #c# .... .##
..# .##. ### ##.. #. ...
...


You could see a phantom, a centaur and a friendly spectral +2 rapier of
draining.

Vanquished Creatures
  Grinder (D:5)
  A water moccasin (D:6)
  An ice beast (D:5)
  A sky beast (D:5)
  2 ogres
  A big kobold (Sewer)
  A scorpion (D:4)
  7 wights
  2 howler monkeys (D:5)
  A crimson imp (D:3)
  2 hounds
  An orc priest (D:5)
  A bullfrog skeleton (D:5)
  3 orc wizards (D:4)
  3 iguanas
  A worker ant (D:4)
  A hound zombie (D:5)
  A hound skeleton (D:5)
  A howler monkey skeleton (D:4)
  6 river rats (Sewer)
  10 adders
  4 oozes
  An adder skeleton (D:5)
  2 dart slugs
  3 leopard geckos
  12 orcs
  6 bats
  11 giant cockroaches
  4 goblins
  10 hobgoblins
  7 jackals
  2 quokkas
  4 ball pythons
  9 frilled lizards
  20 kobolds
  A quokka skeleton (D:4)
  22 rats
166 creatures vanquished.

Notes
Turn   | Place    | Note
-------+----------+-------------------------------------------
     0 | D:1      | mopl the Deep Elf Skald began the quest for the Orb.
     0 | D:1      | Reached XP level 1. HP: 12/12 MP: 6/6
   257 | D:1      | Reached XP level 2. HP: 16/16 MP: 5/8
   273 | D:1      | Reached skill level 3 in Short Blades
   283 | D:1      | Learned a level 2 spell: Song of Slaying
   286 | D:1      | Learned a level 2 spell: Shroud of Golubria
   430 | D:1      | Reached XP level 3. HP: 20/20 MP: 4/9
   435 | D:1      | Learned a level 3 spell: Spectral Weapon
  1009 | D:2      | Found a snail-covered altar of Cheibriados.
  1112 | D:2      | Found a glowing golden altar of the Shining One.
  1122 | D:2      | Reached skill level 1 in Hexes
  1466 | D:2      | Found a hazy altar of Hepliaklqana.
  1632 | D:3      | Reached XP level 4. HP: 25/25 MP: 7/10
  1702 | D:3      | Found a glowing drain.
  1719 | D:3      | Reached skill level 1 in Translocations
  1739 | Sewer    | Entered a sewer
  1858 | Sewer    | Reached skill level 5 in Charms
  2036 | Sewer    | Reached skill level 4 in Short Blades
  2036 | Sewer    | Reached XP level 5. HP: 29/29 MP: 2/12
  2037 | Sewer    | Reached skill level 2 in Hexes
  2244 | Sewer    | Reached skill level 4 in Spellcasting
  2254 | Sewer    | Learned a level 3 spell: Regeneration
  2330 | Sewer    | Reached skill level 2 in Translocations
  2349 | Sewer    | HP: 1/29 [poisoned by a kobold]
  2500 | Sewer    | Reached XP level 6. HP: 30/34 MP: 2/14
  2994 | D:3      | Reached skill level 1 in Necromancy
  3124 | D:3      | Found a radiant altar of Vehumet.
  3124 | D:3      | Found a burning altar of Makhleb.
  3135 | D:3      | Reached skill level 5 in Short Blades
  3399 | D:4      | Reached skill level 2 in Necromancy
  3605 | D:4      | Reached XP level 7. HP: 36/38 MP: 6/15
  3620 | D:4      | Reached skill level 6 in Short Blades
  4002 | D:4      | Reached skill level 7 in Short Blades
  4101 | D:4      | Found a sacrificial altar of Ru.
  4182 | D:5      | Entered Level 5 of the Dungeon
  4384 | D:5      | Reached skill level 1 in Stealth
  4477 | D:5      | Reached skill level 1 in Throwing
  4477 | D:5      | Reached XP level 8. HP: 43/43 MP: 6/16
  4485 | D:5      | Noticed Grinder
  4550 | D:5      | Killed Grinder
  4550 | D:5      | Reached skill level 8 in Short Blades
  4550 | D:5      | Reached skill level 2 in Throwing
  4550 | D:5      | Reached skill level 2 in Stealth
  4687 | D:5      | Reached skill level 3 in Stealth
  5632 | D:6      | Found an ornate altar of the Wu Jian Council.
  5741 | D:6      | Reached skill level 3 in Throwing
  5741 | D:6      | Reached skill level 4 in Stealth
  5752 | D:6      | Reached skill level 9 in Short Blades
  5817 | D:6      | Slain by a phantom

Levels and vault maps discovered:
D:1:      kilobyte_arrival_exit_the_forest, layout_rooms
D:2:      layout_loops_ring, cheibriados_altar_1, lemuel_round_altar,
          lemuel_coloured_pillars_altar, first_ration
D:3:      layout_basic, grunt_temple_overflow_lords_of_destruction,
          gup_sewer_entry_glass, kennysheep_generic_room_9
D:4:      layout_basic, kennysheep_mini
D:5:      layout_layer_cave, minmay_fractal_squares_diagonal_5, uniq_grinder
D:6:      minmay_cornered_nines, layout_loops_corners, old_standard_altar,
          serial_shops, shop_fountains, uniq_blork_the_orc,
          uniq_crazy_yiuf_cottage
Sewer:    sewer_minmay_treatment

Skill      XL: |  1  2  3  4  5  6  7  8 |
---------------+-------------------------+-----
Short Blades   | 3 4 5 7 9 |  9.2
Hexes          | 1 2 |  2.0
Translocations | 1 2 |  2.6
Charms         | 5 |  5.0
Spellcasting   | 4 |  4.0
Necromancy     | 2 |  2.1
Stealth        | 1 4 |  4.6
Throwing       | 1 3 |  3.4
Fighting       | |  1.5
Armour         | |  0.7
Dodging        | |  2.4

Action                   |  1- 3 |  4- 6 |  7- 9 || total
-------------------------+-------+-------+-------++-------
Melee: Short sword       |   125 |   211 |   118 ||   454
       Rapier            |       |       |    73 ||    73
 Fire: Blowgun           |       |     8 |    14 ||    22
 Cast: Infusion          |    22 |    20 |    15 ||    57
       Shroud of Golubri |     1 |    10 |    11 ||    22
       Spectral Weapon   |       |    12 |     8 ||    20
       Song of Slaying   |       |     4 |     2 ||     6
       Regeneration      |       |     3 |     3 ||     6
  Use: Scroll            |       |     5 |     2 ||     7
       Potion            |       |     1 |       ||     1
 Stab: Sleeping          |     3 |    11 |     8 ||    22
       Distracted        |       |     3 |     3 ||     6
  Eat: Chunk             |     2 |     9 |     9 ||    20
Armor: Leather armour    |    37 |    47 |    27 ||   111
Dodge: Dodged            |    49 |   110 |    65 ||   224

Table legend:
 A = Non-vault XP
 B = Vault XP
 C = Vault XP percentage of total XP
 D = Non-vault monster count
 E = Vault monster count
 F = Vault count percentage of total count
                 A         B        C        D         E       F
            +---------+---------+-------+---------+---------+-------
      Total |    1888 |     695 |  26.9 |     108 |      58 |  34.9
            +---------+---------+-------+---------+---------+-------
        D:1 |      56 |       0 |   0.0 |      29 |       0 |   0.0
        D:2 |      38 |       0 |   0.0 |      14 |       0 |   0.0
        D:3 |      45 |      83 |  64.8 |      14 |       6 |  30.0
        D:4 |     537 |       0 |   0.0 |      25 |       0 |   0.0
        D:5 |     647 |     346 |  34.8 |      18 |       4 |  18.2
        D:6 |     565 |       0 |   0.0 |       8 |       0 |   0.0
      Sewer |       0 |     266 | 100.0 |       0 |      48 | 100.0
            +---------+---------+-------+---------+---------+-------
